Map: Dusk Towers

Players

Bioice

  • Race: Zerg Zerg
  • League: Master

Victoria - Winner!

  • Race: Terran Terran
  • League: Platinum

VOD

Have the link to the VOD?

Description

Time

  • Played on: May 29, 2016, 4:26 p.m.
  • Length: 15:03
Show
View Real Time Build Order
Export as new Build Order

Bioice Zerg 

Build Orders: Hatch First, Muta Ling Bane 

Get SALT Encoding   

  12  0:03  Drone  
  13  0:09  Drone  
  14  0:17  Extractor  
  14  0:18  Drone  
  14  0:24  Drone, Extractor  
  16  0:31  Overlord  
  16  0:49  Hatchery  
  15  0:52  Drone  
  15  0:57  Drone  
  17  0:59  Drone  
  18  1:06  Extractor  
  17  1:15  Spawning Pool  
  17  1:18  Drone  
  17  1:21  Drone  
  18  1:29  Drone  
  19  1:39  Overlord  
  19  1:50  Drone  
  20  2:02  Queen x2  
  20  2:03  Zergling x4  
  20  2:08  Metabolic Boost  
  26  2:12  Drone  
  26  2:14  Drone  
  28  2:24  Drone  
  28  2:25  Overlord  
  29  2:43  Drone  
  29  2:44  Drone  
  31  2:45  Queen  
  33  2:52  Pneumatized Carapace  
  33  2:53  Drone x2  
  33  2:56  Drone x2  
  37  3:08  Overlord  
  37  3:10  Drone  
  37  3:12  Drone x2  
  40  3:13  Drone  
  40  3:14  Drone  
  40  3:15  Drone  
  43  3:21  Drone  
  44  3:34  Drone  
  44  3:37  Drone x2  
  44  3:39  Hatchery  
  45  3:43  Drone  
  45  3:47  Drone  
  45  3:48  Drone x4  
  51  3:49  Overlord  
  51  3:55  Baneling Nest  
  50  4:03  Zergling x2  
  50  4:07  Queen  
  50  4:09  Overlord x2  
  53  4:15  Overlord x2  
  53  4:18  Extractor x2  
  53  4:21  Overlord, Extractor  
  50  4:27  Zergling x6  
  50  4:28  Zergling x4  
  51  4:51  Drone x3  
  51  4:52  Drone  
  55  4:53  Drone  
  55  4:54  Drone x3  
  55  4:58  Lair  
  59  5:00  Drone x4  
  59  5:06  Drone  
  63  5:07  Drone  
  65  5:14  Drone x2  
  65  5:15  Drone  
  67  5:21  Drone  
  67  5:23  Drone  
  67  5:24  Queen  
  67  5:25  Drone  
  67  5:26  Drone  
  70  5:44  Drone  
  70  5:45  Drone  
  70  5:46  Drone  
  70  5:49  Drone  
  75  5:50  Drone x5  
  75  5:52  Extractor x2  
  75  5:53  Hatchery, Drone  
  77  5:58  Drone  
  77  5:59  Drone  
  77  6:01  Drone  
  76  6:08  Drone  
  76  6:09  Drone x4  
  81  6:14  Spire  
  81  6:15  Evolution Chamber  
  79  6:18  Evolution Chamber  
  79  6:24  Zergling x2  
  79  6:25  Zergling x18  
  84  6:40  Hatchery, Drone x3  
  86  6:50  Overlord x2  
  86  6:55  Baneling x4  
  86  6:56  Baneling x4  
  86  6:58  Zerg Melee Weapons Level 1, Zerg Ground Armor Level 1  
  86  7:00  Overlord x2  
  86  7:10  Overlord  
  86  7:11  Overlord  
  86  7:15  Zergling x26  
  96  7:17  Overseer  
  99  7:35  Mutalisk  
  99  7:36  Mutalisk x7  
  115  7:38  Baneling x3  
  115  7:39  Baneling x4  
  115  7:49  Queen  
  115  7:50  Mutalisk  
  115  7:51  Mutalisk x7  
  130  8:06  Queen  
  130  8:08  Drone x10  
  130  8:09  Drone  
  143  8:17  Infestation Pit, Zerg Flyer Armor Level 1  
  143  8:19  Baneling x4  
  142  8:33  Hatchery  
  139  8:34  Zergling x2  
  139  8:35  Zergling x24  
  139  8:39  Centrifical Hooks  
  152  8:42  Baneling  
  152  8:43  Baneling x4  
  152  8:44  Overseer  
  117  9:12  Zergling x2  
  117  9:13  Zergling x36  
  136  9:20  Zergling x8  
  136  9:21  Zergling x10  
  145  9:25  Queen, Zergling x2  
  145  9:27  Baneling x2  
  145  9:29  Zergling x2  
  145  9:30  Zergling x2  
  150  9:31  Baneling  
  150  9:32  Baneling x5  
  150  9:38  Hive  
  150  9:43  Zerg Ground Armor Level 2, Zerg Melee Weapons Level 2, Extractor x2  
  148  9:52  Baneling x9  
  148  9:53  Baneling x4  
  148  9:59  Overlord x4  
  148  10:11  Zerg Flyer Weapons Level 1  
  148  10:29  Overlord x2  
  146  10:51  Adrenal Glands  
  146  10:52  Ultralisk Cavern  
  145  11:00  Zergling x16  
  145  11:01  Zergling x56  
  145  11:02  Zergling x2  
  182  11:12  Baneling x9  
  182  11:13  Baneling x7  
  182  11:14  Baneling x9  
  182  11:15  Zergling x22  
  193  11:36  Overseer  
  193  11:37  Overseer  
  193  11:40  Baneling  
  193  11:41  Baneling x24  
  132  12:06  Ultralisk x4  
  119  12:09  Zergling x10  
  119  12:10  Zergling x44  
  141  12:15  Spore Crawler, Corruptor  
  141  12:20  Corruptor x2  
  118  12:47  Corruptor x4  
  118  12:51  Zergling x18  
  117  12:52  Zergling x2  
  117  12:56  Chitinous Plating  
  124  12:58  Drone x2  
  124  12:59  Drone  
  124  13:05  Drone x3  
  127  13:06  Drone x5  
  127  13:09  Corruptor  
  119  13:28  Zergling x2  
  119  13:29  Zergling x20  
  123  13:45  Ultralisk x2  
  129  13:51  Baneling  
  129  13:52  Baneling x5  
  129  13:54  Corruptor x2  
  119  14:09  Ultralisk  
  109  14:40  Zergling x2  
  109  14:41  Zergling x10  
Show
View Real Time Build Order
Export as new Build Order

Victoria Terran - Winner!

Build Orders: Liberator Opening, Reaper Expand, MMM Bio 

Get SALT Encoding   

  12  0:01  SCV  
  13  0:13  SCV  
  14  0:17  Supply Depot  
  14  0:25  SCV  
  15  0:39  SCV  
  15  0:40  Barracks  
  16  0:43  Refinery  
  16  0:51  SCV  
  17  1:03  SCV  
  18  1:15  SCV  
  19  1:27  Reaper, Orbital Command  
  20  1:42  Command Center  
  20  1:53  Supply Depot  
  20  1:54  SCV  
  21  2:05  Refinery  
  21  2:06  Barracks Reactor, SCV  
  22  2:18  SCV  
  22  2:22  Factory  
  23  2:30  SCV  
  24  2:42  Marine x2  
  26  2:44  SCV  
  27  2:55  Orbital Command  
  27  2:58  SCV  
  28  3:09  Starport  
  28  3:10  SCV  
  31  3:13  Barracks Tech Lab, Hellion x2  
  33  3:23  SCV x2  
  35  3:29  Liberator  
  37  3:34  Marine, Hellion x2  
  37  3:35  SCV, Stimpack  
  37  3:36  SCV  
  42  3:48  SCV  
  45  3:49  Supply Depot  
  45  3:51  SCV  
  46  4:11  Hellion, SCV  
  46  4:13  SCV  
  46  4:15  Command Center  
  50  4:17  Supply Depot  
  50  4:21  Supply Depot  
  50  4:22  Liberator  
  50  4:24  SCV  
  51  4:25  SCV  
  52  4:36  SCV  
  52  4:37  SCV  
  53  4:48  SCV  
  53  4:51  SCV  
  55  4:54  Barracks  
  55  4:56  Refinery x2  
  55  4:58  Barracks  
  55  5:03  SCV  
  55  5:05  Supply Depot  
  56  5:10  Factory Reactor  
  56  5:11  SCV  
  56  5:13  Engineering Bay  
  57  5:15  Engineering Bay  
  57  5:18  Marine  
  57  5:20  SCV  
  59  5:23  Starport Reactor  
  59  5:25  SCV  
  60  5:31  Orbital Command  
  60  5:41  Barracks  
  53  5:42  Barracks  
  53  5:46  Terran Infantry Weapons Level 1, Terran Infantry Armor Level 1  
  53  5:49  Marine  
  54  5:52  Combat Shields  
  54  5:54  SCV, Widow Mine  
  54  5:55  Widow Mine  
  59  6:01  Marine  
  59  6:03  Orbital Command  
  60  6:05  SCV  
  60  6:10  Barracks Reactor  
  60  6:11  Marine, Medivac x2  
  65  6:17  SCV  
  67  6:19  SCV  
  67  6:23  Marine, Widow Mine x2  
  73  6:29  SCV  
  73  6:31  Marine  
  75  6:35  Marine  
  75  6:37  SCV x2  
  78  6:42  Barracks Tech Lab  
  78  6:44  Medivac x2  
  78  6:45  SCV  
  78  6:46  Missile Turret  
  83  6:47  Missile Turret  
  83  6:49  Supply Depot, Armory  
  83  6:51  SCV, Missile Turret  
  84  6:54  Marine, SCV  
  84  6:55  Marine, Barracks Tech Lab  
  84  6:57  Barracks Reactor  
  84  6:58  SCV  
  84  7:00  Widow Mine x2  
  92  7:03  SCV  
  93  7:11  Supply Depot, SCV x2  
  93  7:14  Supply Depot x2  
  95  7:16  Supply Depot  
  95  7:17  Supply Depot  
  95  7:21  Marine x2, Marauder x2  
  101  7:32  Marine, Medivac, Widow Mine x2  
  101  7:33  SCV  
  101  7:35  SCV, Medivac  
  112  7:38  SCV  
  112  7:41  Marine x5  
  112  7:43  Marauder x2  
  122  7:48  SCV  
  122  7:49  SCV  
  124  7:55  Marine  
  125  7:59  Marine  
  125  8:00  Supply Depot x2, Barracks x2, SCV  
  125  8:01  Widow Mine x2  
  125  8:02  Barracks  
  125  8:04  Marauder  
  130  8:09  Marine x2  
  130  8:10  Concussive Shells, Marauder  
  130  8:11  SCV  
  130  8:12  Terran Infantry Weapons Level 2, Terran Infantry Armor Level 2  
  135  8:19  Refinery x2  
  135  8:20  Supply Depot  
  133  8:35  Marine x3, Marauder x2  
  133  8:38  Widow Mine x2  
  144  8:45  Marine x2  
  146  8:51  Marine  
  146  8:52  Marine  
  146  8:53  Marine x5  
  153  8:56  Marauder  
  153  8:57  Marauder  
  133  9:03  Marine x2  
  133  9:06  Widow Mine  
  133  9:08  Medivac  
  133  9:09  Marine, Medivac  
  124  9:10  Marine x2  
  124  9:11  Marine  
  124  9:13  Starport  
  124  9:15  Barracks Reactor x3  
  124  9:16  Terran Ship Weapons Level 1  
  113  9:18  Marauder  
  111  9:25  Liberator  
  111  9:26  Widow Mine  
  111  9:28  Command Center  
  111  9:29  Marine  
  111  9:30  Marine  
  115  9:32  Missile Turret  
  115  9:35  Marine x2, Marauder, Widow Mine  
  121  9:39  Marauder  
  126  9:46  Marine  
  126  9:47  Marine x2  
  129  9:52  Starport Reactor  
  129  9:56  Marine  
  129  9:57  Marine x6  
  134  10:07  Marine  
  134  10:08  Marine x5  
  134  10:09  Marauder  
  134  10:10  Liberator  
  134  10:11  Liberator  
  142  10:14  Marine  
  142  10:15  Marine x6  
  147  10:25  Marine  
  147  10:27  Marauder  
  156  10:31  Marine, Supply Depot  
  156  10:32  Supply Depot x2  
  156  10:35  Missile Turret  
  157  10:37  Marine x3, Marauder  
  157  10:39  Marine  
  157  10:41  Marine x4, Liberator  
  167  10:48  Marauder  
  169  10:56  Terran Infantry Weapons Level 3, Terran Infantry Armor Level 3, Missile Turret  
  169  10:59  Marauder  
  169  11:00  Marine x2  
  169  11:02  Liberator  
  169  11:03  Marine  
  167  11:09  Marine, Marauder  
  170  11:12  Liberator  
  170  11:18  Marine x7  
  178  11:26  Marine x2, Liberator x2  
  178  11:27  Marine  
  178  11:28  Widow Mine x2  
  183  11:33  Planetary Fortress  
  183  11:37  Marine x2, Marauder  
  187  11:44  Liberator  
  189  11:55  Liberator  
  189  11:56  Marine  
  189  11:57  Marine  
  189  11:58  Marine  
  189  11:59  Marine  
  189  12:00  Marine  
  189  12:01  Marine x9  
  140  12:07  Widow Mine  
  140  12:08  Widow Mine  
  141  12:14  Marine x2  
  141  12:15  Marine, Liberator  
  142  12:17  Marine  
  142  12:18  Marine  
  142  12:19  Marine x5  
  150  12:27  Marine x2  
  150  12:29  Marine  
  150  12:32  Marine  
  150  12:36  Widow Mine x2  
  152  12:38  Marine x2  
  144  12:46  Marine x10  
  144  12:48  Medivac x2  
  145  12:54  Medivac  
  145  12:56  Marine x2  
  147  13:03  Marine  
  147  13:04  Marine x2  
  147  13:05  Marine x5, Marauder x2, Widow Mine x2  
  158  13:13  Barracks Tech Lab, Marine  
  158  13:14  Marine  
  158  13:21  Marine  
  158  13:22  Marine x3  
  158  13:23  Marine x4  
  158  13:26  Marauder x2, Liberator  
  170  13:31  Marine  
  170  13:32  Marine  
  171  13:39  Marine  
  171  13:40  Marine x3, Widow Mine  
  163  13:43  Marine  
  163  13:45  Marine x2, Marauder  
  163  13:47  Marine  
  163  13:48  Marauder x2  
  168  13:58  Widow Mine  
  168  14:01  Marine x3  
  168  14:02  Marine x2  
  171  14:03  Marine x4  
  171  14:05  Marine  
  171  14:06  Medivac  
  171  14:07  Marine  
  171  14:09  Widow Mine  
  177  14:10  Medivac  
  177  14:15  Marine  
  177  14:16  Marine  
  178  14:30  Marine  
  164  14:39  Marine  
Tags
 
Add a new tag
Caveats
  • Supply blocks, unpowered buildings, or Contaminate may cause inaccurate times.
  • Supply counts are checked every 10 seconds.